 Dungeon Crawl Stone Soup version 0.28.0-53-g5a82cb258f (webtiles) character file.

Game seed: 3953869881101623985

198 Labrat the Conjurer (level 5, 15/38 HPs)
             Began as a Demigod Conjurer on July 18, 2022.
             Quit the game on level 4 of the Dungeon.
             The game lasted 00:07:11 (3323 turns).

Labrat the Conjurer (Demigod Conjurer)              Turns: 3323, Time: 00:07:12

Health: 15/38      AC:  2    Str:  4 (6)  XL:     5   Next: 23%
Magic:  8/13       EV: 12    Int: 21 (24) God:
Gold:   154        SH:  0    Dex:  9 (12) Spells: 8/11 levels left

rFire   . . .      SeeInvis .   n - +1 flail (protect)
rCold   . . .      Faith    .   (no shield)
rNeg    . . .      Spirit   .   a - +0 robe
rPois   .          Reflect  .   (no helmet)
rElec   .          Harm     .   (no cloak)
rCorr   .          Rampage  .   (no gloves)
Will    .....                   (no boots)
Stlth   ++........              (no amulet)
HPRegen 0.12/turn               (no ring)
MPRegen 0.13/turn               (no ring)

@: no status effects
A: high MP 1, forlorn, divine attributes, screaming 1, weak 1
a: no special abilities


You were on level 4 of the Dungeon.
You visited 1 branch of the dungeon, and saw 4 of its levels.

You collected 154 gold pieces.

Inventory:

Hand Weapons
 n - a +1 flail of protection (weapon)
Missiles
 f - 5 atropa-tipped darts
 g - 3 poisoned darts
Armour
 a - a +0 robe (worn)
Scrolls
 b - a scroll of enchant weapon {unknown}
 e - a scroll of identify {unknown}
 h - a scroll of amnesia {unknown}
 i - a scroll of fog {unknown}
 m - a scroll of teleportation {unknown}


   Skills:
 - Level 1.7 Dodging
 - Level 1.7 Stealth
 + Level 3.7 Spellcasting
 - Level 5.0 Conjurations


You had 8 spell levels left.
You knew the following spells:

 Your Spells              Type           Power      Damage    Failure   Level
a - Magic Dart            Conj           96%        1d7       1%          1
b - Searing Ray           Conj           48%        2d6       2%          2

Your spell library contained the following spells:

 Spells                   Type           Power      Damage    Failure   Level
 Foxfire                  Conj/Fire      56%        2x1d6     4%          1
 Conjure Flame            Conj/Fire      14%        6-21      13%         3
 Dazzling Flash           Conj/Hex       28%        N/A       13%         3
 Gell's Gravitas          Tloc           3%         N/A       36%         3
 Inner Flame              Hex/Fire       3%         N/A       36%         3
 Lesser Beckoning         Tloc           3%         N/A       36%         3
 Teleport Other           Tloc           3%         N/A       36%         3
 Flame Wave               Conj/Fire      14%        2d6       41%         4
 Fulminant Prism          Conj/Hex       7%         3d7       41%         4
 Iskenderun's Mystic Bla  Conj/Tloc      14%        2d5       41%         4


Dungeon Overview and Level Annotations

Branches:
Dungeon (4/15)
 Temple: D:4-7

Annotations:
D:3 scourge behind stone
D:4 exclusion: ogre


Innate Abilities, Weirdness & Mutations

You have an increased reservoir of magic. (+10% MP)
You shall have no god before yourself.
Your divine heritage dramatically boosts your attributes as you level up.
You occasionally shout uncontrollably at your foes.
You are weak. (Str -2)


Message History

You feel sick. The scorpion stings you!
You are lethally poisoned!
The scorpion poisons you!
Casting: Searing Ray (safe; 2% risk of failure)
Confirm with . or Enter, or press ? or * to list all spells.
Aiming: Searing Ray (safe; 2% risk of failure)
Press: ? - help, Shift-Dir - straight line, f/p - scorpion
Aim: a scorpion (almost dead, 79% to hit)
The searing ray hits the scorpion.
You kill the scorpion! (Press . to maintain the ray.)
* * * LOW HITPOINT WARNING * * *
You feel very sick.
Training target 5.0 for Conjurations reached!
Your Conjurations skill increases to level 5!
You have reached level 5!
Okay, then.
There is a lethal amount of poison in your body!
It was a potion of lignification.
You turn into a tree.
Your +0 robe melds into your body.
Your roots penetrate the ground.
* * * LOW HITPOINT WARNING * * *
You feel very sick.
There is a lethal amount of poison in your body!
It was a potion of degeneration.
There was something very wrong with that liquid.
You feel weakened.
You feel dopey.
You feel clumsy.
* * * LOW HITPOINT WARNING * * *
You feel very sick.
It was a potion of mutation.
You feel extremely strange.
You feel weaker.
You feel the urge to shout.
* * * LOW HITPOINT WARNING * * *
You feel sick.
It was a potion of heal wounds.
You feel much better.
You feel sick.
You start resting.
You feel sick. x6
You are no longer poisoned.
You start resting.
Your transformation is almost over.
You feel less wooden.
Your +0 robe unmelds from your body.
Are you sure you want to abandon this character and quit the game? (Confirm with "yes".)

...###. #.....
#.... #... #...##
#.<## .#
#########..## ...
##.....####..###...
#.@.##..####.....#
#.†####.[###...###
##.. ##...<...#
##.. ##.....## #..
#....## #..##...##
#.......##
#........##
##...#....#


There were no monsters in sight!

Vanquished Creatures
  A scorpion (D:4)
  Jessica (D:2)
  4 adders
  A worm (D:3)
  4 dart slugs
  3 orcs (D:3)
  3 ball pythons
  2 endoplasms
  A giant cockroach (D:2)
  5 goblins
  5 hobgoblins
  7 jackals
  4 quokkas
  6 bats
  3 frilled lizards
  12 kobolds
  7 rats
69 creatures vanquished.

Vanquished Creatures (others)
  An angel (D:3)
  A rat (D:3)
2 creatures vanquished.

Grand Total: 71 creatures vanquished

Notes
Turn   | Place    | Note
-------+----------+-------------------------------------------
     0 | D:1      | Labrat the Demigod Conjurer began the quest for the Orb.
     0 | D:1      | Reached XP level 1. HP: 14/14 MP: 5/5
   857 | D:1      | Reached XP level 2. HP: 20/20 MP: 5/7
  1152 | D:1      | Reached skill level 4 in Conjurations
  1229 | D:1      | Learned a level 2 spell: Searing Ray
  1348 | D:2      | Reached XP level 3. HP: 26/26 MP: 4/9
  1841 | D:2      | Noticed Jessica
  1846 | D:2      | Killed Jessica
  1847 | D:2      | Reached XP level 4. HP: 33/33 MP: 1/11
  1859 | D:2      | HP: 1/33 [poisoned by an adder]
  2539 | D:3      | Killed an angel
  3266 | D:4      | Noticed an ogre
  3290 | D:4      | Reached skill level 5 in Conjurations
  3290 | D:4      | Reached XP level 5. HP: 6/38 MP: 3/13
  3292 | D:4      | Gained mutation: You are weak. (Str -2) [potion of
                  | mutation]
  3292 | D:4      | Gained mutation: You occasionally shout uncontrollably at
                  | your foes. [potion of mutation]
  3292 | D:4      | HP: 2/57 [poisoned by a scorpion]
  3323 | D:4      | Quit the game

Illustrated notes

Levels and vault maps discovered:
D:1:      eino_arrival_tree_alley, layout_basic, minmay_misc_feat_ornament,
          chequers_serial_rivers_room_b
D:2:      layout_rooms, minmay_unequal, uniq_jessica
D:3:      layout_rooms, grunt_temple_overflow_order_and_chaos_1
D:4:      layout_layer_cave, minmay_liquid_box

Skill      XL: |  1  2  3  4 |
---------------+-------------+-----
Spellcasting   | 2 3 |  3.7
Conjurations   | 4 5 |  5.0
Dodging        | |  1.7
Stealth        | |  1.7

Action                   |  1- 3 |  4- 6 || total
-------------------------+-------+-------++-------
Melee: Unarmed           |     7 |     7 ||    14
 Cast: Magic Dart        |    76 |    46 ||   122
       Searing Ray       |     2 |     4 ||     6
  Use: Potion            |       |     4 ||     4
Armor: Robe              |     2 |     2 ||     4
Dodge: Dodged            |     9 |     3 ||    12
